 Dungeon Crawl Stone Soup version 0.17.0-7-gfadd4cc (webtiles) character file.

53 st0uf the Insei (level 3, 0/28 HPs)
             Began as a Draconian Transmuter on Nov 8, 2015.
             Slain by a sky beast (6 damage)
             ... on level 2 of the Dungeon.
             The game lasted 00:07:09 (1750 turns).

st0uf the Insei (Draconian Transmuter)              Turns: 1750, Time: 00:07:09

Health: 0/28       AC:  6    Str: 12    XL:     3   Next: 62%
Magic:  6/6        EV: 13    Int: 13    God:
Gold:   121        SH:  0    Dex: 15    Spells: 1 memorised, 6 levels left

rFire  . . .     SeeInvis .       - Unarmed
rCold  . . .     Clarity  .     (armour unavailable)
rNeg   . . .     SustAt   .     (no shield)
rPois  .         Gourm    .     (helmet restricted)
rElec  .         Spirit   .     (no cloak)
rCorr  .         Warding  .     n - +0 pair of gloves
rMut   .         Stasis   .     (no boots)
MR     .....                    s - amulet of regeneration
Stlth  +.........               (no ring)
                                j - +3 ring of dexterity

@: not resistant to hostile enchantments, very unstealthy
A: unfitting armour, cold-blooded, AC +5
a: no special abilities


You were on level 2 of the Dungeon.
You were not hungry.

You visited 1 branch of the dungeon, and saw 3 of its levels.

You collected 121 gold pieces.

Inventory:

Missiles
 a - 28 arrows
 p - 19 poisoned needles
 q - 6 arrows of frost
Armour
 h - a +0 shield
 n - a +0 pair of gloves (worn)
Jewellery
 j - a +3 ring of dexterity (left hand)
 s - an amulet of regeneration (around neck)
Scrolls
 e - a scroll of teleportation {unknown}
 f - a scroll of remove curse {unknown}
 i - a scroll of noise {unknown}
 o - a scroll of fog {unknown}
 t - a scroll of identify {unknown}
Potions
 d - a potion of cancellation {unknown}
 g - a potion of beneficial mutation {unknown}
 k - a potion of flight {unknown}
 l - 2 potions of might {unknown}
Books
 b - a book of Changes

   Spells                             Type                      Level
   a - Beastly Appendage              Transmutation                1
   b - Sticks to Snakes               Transmutation                2
   c - Spider Form                    Transmutation/Poison         3
   d - Ice Form                       Ice/Transmutation            4
   e - Blade Hands                    Transmutation                5
Comestibles
 c - 5 bread rations
 m - 4 meat rations
 r - 2 chunks of flesh


   Skills:
 + Level 1.4 Fighting
 + Level 2.3 Dodging
 + Level 3.4 Unarmed Combat
 + Level 2.6 Spellcasting
 + Level 2.4 Transmutations


You had 6 spell levels left.
You knew the following spells:

 Your Spells              Type           Power        Failure   Level  Hunger
a - Beastly Appendage     Trmt           #.....       10%         1    #......


Dungeon Overview and Level Annotations

Branches:
Dungeon (3/15)

Altars:


Innate Abilities, Weirdness & Mutations

Your plain brown scales are hard (AC +5).
Your body does not fit into most forms of armour.
You are cold-blooded and may be slowed by cold attacks.


Message History

There is a stone staircase leading down here.
You barely miss something. Something hits you. Something shocks you.
Your horns disappear.
Something hits you.
* * * LOW HITPOINT WARNING * * *
Something shocks you.
* * * LOW HITPOINT WARNING * * *
A sky beast appears from thin air!
Reactivating autopickup.
The sky beast flickers out of sight!
Deactivating autopickup; reactivate with Ctrl-A.
Something hits you but does no damage.
You see here a leather armour.
A sky beast appears from thin air!
Reactivating autopickup.
There is a stone staircase leading down here.
The sky beast hits you.
* * * LOW HITPOINT WARNING * * *
The sky beast shocks you.
You die...

####### #>@.≈.# ###Y###.# #..[#
#.# #.#§###.#
#############.#.....###########
...............##.............#
#####..######..##############.#
###############.........# #.#
..............#########.# ###.#


You could see a sky beast.

Vanquished Creatures
  2 adders (D:2)
  2 giant geckos
  A ball python (D:1)
  4 bats
  5 hobgoblins (D:1)
  2 jackals (D:1)
  A quokka (D:3)
  4 giant newts
  2 goblins (D:1)
  4 kobolds
  5 rats
32 creatures vanquished.

Notes
Turn   | Place    | Note
--------------------------------------------------------------
     0 | D:1      | st0uf the Draconian Transmuter began the quest for the Orb.
     0 | D:1      | Reached XP level 1. HP: 16/16 MP: 3/3
   393 | D:1      | Reached XP level 2. HP: 17/23 MP: 3/5
   972 | D:2      | Reached XP level 3. HP: 15/28 MP: 6/6
  1675 | D:2      | You fall through a shaft!
  1688 | D:3      | Noticed a sky beast
  1750 | D:2      | Slain by a sky beast

Action                   || total
-------------------------++-------
Melee: Unarmed           ||   142
 Cast: Beastly Appendage ||    27
 Stab: Sleeping          ||     3
  Eat: Chunk             ||     3
